 Dungeon Crawl Stone Soup version 0.18-a0-1805-g8ab820f (webtiles) character file.

23 M4edhros the Skirmisher (level 2, -1/24 HPs)
             Began as a Mummy Chaos Knight on Apr 26, 2016.
             Slain by a rust devil (7 damage)
             ... summoned by the severe capriciousness of Xom
             ... on level 1 of the Dungeon.
             The game lasted 00:05:11 (7302 turns).

M4edhros the Skirmisher (Mummy Chaos Knight)        Turns: 7302, Time: 00:05:12

Health: -1/24      AC: -5    Str: 15    XL:     2   Next: 75%
Magic:  2/2        EV: 11    Int: 11    God:    Xom [....*.]
Gold:   10         SH:  0    Dex: 11    Spells: 0 memorised, 1 level left

rFire  x . .     SeeInvis .     c - -2 dagger (curse)
rCold  + . .     Gourm    .     b - +3 leather armour
rNeg   + + +     Faith    .     (no shield)
rPois  ∞         Spirit   .     (no helmet)
rElec  .         Dismiss  .     (no cloak)
rCorr  .         Reflect  .     (no gloves)
SustAt .         Harm     .     (no boots)
MR     .....                    (no amulet)
Stlth  +.........               (no ring)
                                (no ring)

@: corroded, not resistant to hostile enchantments, very unstealthy
A: no food or potions, fire vulnerability, cold resistance 1, negative energy
resistance 3, torment resistance, unbreathing
a: Renounce Religion


You were on level 1 of the Dungeon.
You worshipped Xom.
You were a beloved toy of Xom.
You were not hungry.

You visited 1 branch of the dungeon, and saw 1 of its levels.

You collected 10 gold pieces.

Inventory:

Hand Weapons
 a - a +0 spear of chaos
 c - a cursed -2 dagger (weapon)
Missiles
 d - 2 needles of sleeping
Armour
 b - a +3 leather armour (worn)


   Skills:
 + Level 3.2 Fighting
 + Level 2.7 Polearms
 + Level 1.7 Armour
 + Level 1.0 Dodging
 + Level 0.6 Stealth


You had one spell level left.
You didn't know any spells.

Dungeon Overview and Level Annotations

Branches:
Dungeon (1/15)

Altars:


Innate Abilities, Weirdness & Mutations

You do not eat or drink.
Your flesh is vulnerable to fire.
You are immune to poison.
Your flesh is cold resistant.
You are immune to negative energy.
You are immune to unholy pain and torment.
You can survive without breathing.


Message History

A rust devil is nearby!
The rust devil barely misses you.
You hit the rust devil but do no damage.
The rust devil hits you. The rust devil corrodes you!
You hit the rust devil but do no damage.
The rust devil hits you. The rust devil corrodes you!
You hit the rust devil but do no damage.
The rust devil hits you!
Ouch! That really hurt!
* * * LOW HITPOINT WARNING * * *
Xom is amused.
The rust devil corrodes you!
You are too injured to fight recklessly!
You are too injured to fight recklessly!
You are too injured to fight recklessly!
You can't drink.
There is a staircase leading out of the dungeon, spattered with blood here.
You open the door. The rust devil hits you!
You die... "I guess I need a new plaything now."

, .....#..###.....
,................, ,
#, ........[.......
,* * #.
...#####+######* ,
#.., ,#..((.....#
#... ,#....(....# *,,
.[.. #..⌠.(.⌠..# *,,
##..#....(....###*,
#...'@4..<.)..+.#* *
#.###....)....#.....#
, **#..⌠.).⌠..#*##...
* *,#...).....# *,..
* **,#.........# * ,
***,#####+#####*** ,∆
*,,,*,∆...,,,,,, , ,
,,, ,.....,***, , ,
,, ###.#.#* ,,*,


You could see a rust devil.

Vanquished Creatures
  A dart slug (D:1)
  A giant gecko (D:1)
  3 goblins (D:1)
  2 hobgoblins (D:1)
  4 jackals (D:1)
  3 kobolds (D:1)
  A bat (D:1)
  A giant newt (D:1)
  A rat (D:1)
17 creatures vanquished.

Vanquished Creatures (others)
  A goblin (D:1)
1 creature vanquished.

Grand Total: 18 creatures vanquished

Notes
Turn   | Place    | Note
--------------------------------------------------------------
     0 | D:1      | M4edhros the Mummy Chaos Knight began the quest for the Orb.
     0 | D:1      | Reached XP level 1. HP: 18/18 MP: 1/1
   303 | D:1      | XOM: silly message
   363 | D:1      | XOM: silly message
   392 | D:1      | XOM: divination: magic mapping
   747 | D:1      | XOM is BORED!
   747 | D:1      | XOM: harmless Necr miscast
  1264 | D:1      | XOM: silly message
  1465 | D:1      | XOM: colour smoke trail
  1542 | D:1      | XOM is BORED!
  1542 | D:1      | XOM: noise
  1638 | D:1      | Reached XP level 2. HP: 24/24 MP: 2/2
  2071 | D:1      | XOM: harmless Trmt miscast
  2885 | D:1      | XOM: colour smoke trail
  2924 | D:1      | Reached skill level 1 in Dodging
  3100 | D:1      | XOM: mild Tloc miscast
  3348 | D:1      | XOM is BORED!
  3348 | D:1      | XOM: mild Hex miscast
  4278 | D:1      | XOM: god gift: 2 needles of sleeping
  4492 | D:1      | XOM: mild Necr miscast
  4631 | D:1      | XOM: scenery: 3 fountains blood, 4 doors open
  4698 | D:1      | XOM: divination: magic mapping
  5142 | D:1      | XOM: divination: detect items
  5207 | D:1      | XOM: harmless Fire miscast
  5230 | D:1      | XOM: silly message
  5444 | D:1      | XOM: divination: magic mapping
  5537 | D:1      | XOM is BORED!
  5537 | D:1      | XOM: harmless Conj miscast
  5897 | D:1      | XOM: silly message
  6034 | D:1      | XOM: harmless Trmt miscast
  6448 | D:1      | XOM: colour smoke trail
  6562 | D:1      | XOM: divination: magic mapping
  6627 | D:1      | XOM: colour smoke trail
  7292 | D:1      | XOM: medium Summ miscast
  7293 | D:1      | Noticed a rust devil
  7302 | D:1      | Slain by a rust devil

Vault maps used:
D:1:      mushboom_english_gardens, hex_intersection, serial_bayou_ford_a,
          tso_altar

Skill      XL: |  1  2 |
---------------+-------+-----
Dodging        | 1 |  1.0
Fighting       | |  3.2
Polearms       | |  2.7
Armour         | |  1.7
Stealth        | |  0.6

Action                   || total
-------------------------++-------
Melee: Spear             ||    40
       Dagger            ||    42
  Use: Scroll            ||     1
 Stab: Petrified         ||     2
       Paralysed         ||     2
Armor: Leather armour    ||    24
Dodge: Dodged            ||    30
